 Dungeon Crawl Stone Soup version 0.17-a0-1646-geb1493d (console) character file.

4078 cheese the Quickloader (level 10, -1/88 HPs)
             Began as a Minotaur Hunter on Aug 7, 2015.
             Was a Believer of Trog.
             Shot with an arrow by a centaur (6 damage)
             ... on level 9 of the Dungeon on Aug 11, 2015.
             The game lasted 00:27:29 (8125 turns).

cheese the Quickloader (Minotaur Hunter)            Turns: 8125, Time: 00:27:30

Health: -1/88      AC: 13    Str: 21    XL:     10   Next: 5%
Magic:  9/9        EV:  9    Int:  8    God:    Trog [**....]
Gold:   468        SH:  0    Dex: 10    Spells: 0 memorised, 9 levels left

rFire  + . .     SeeInvis .     a - +1 hand crossbow
rCold  . . .     Clarity  +     c - +1 chain mail {rPois}
rNeg   . . .     SustAt   .     (no shield)
rPois  +         Gourm    .     (helmet restricted)
rElec  .         Spirit   .     (no cloak)
rCorr  .         Warding  .     o - +0 pair of gloves
rMut   .         Stasis   .     (no boots)
MR     .....                    h - amulet of clarity
Stlth  ..........               (no ring)
                                y - ring of protection from fire

@: not resistant to hostile enchantments, extremely unstealthy
A: retaliatory headbutt, horns 2
a: Burn Spellbooks, Berserk, Trog's Hand, Renounce Religion


You were on level 9 of the Dungeon.
You worshipped Trog.
Trog was pleased with you.
You were hungry.

You visited 2 branches of the dungeon, and saw 10 of its levels.

You collected 468 gold pieces.

Inventory:

Hand weapons
 a - a +1 hand crossbow (weapon)
 b - a +0 hand axe
Missiles
 x - 48 bolts (quivered)
 C - 3 poisoned bolts
Armour
 c - a +1 chain mail of poison resistance (worn)
 g - a +0 plate armour
 o - a +0 pair of gloves (worn)
Jewellery
 h - an amulet of clarity (around neck)
 y - a ring of protection from fire (left hand)
Magical devices
 B - a wand of slowing (3)
Scrolls
 d - 2 scrolls of remove curse
 f - 2 scrolls of blinking {unknown}
 j - 4 scrolls of identify
 s - a scroll of fog
 t - 2 scrolls of enchant armour {unknown}
 u - 2 scrolls of immolation
 v - a scroll of recharging {unknown}
 w - a scroll of fear {unknown}
 D - 3 scrolls of enchant weapon {unknown}
Potions
 i - a potion of heal wounds {unknown}
 k - a potion of ambrosia {unknown}
 m - 2 potions of brilliance
 n - a potion of might {unknown}
 p - a potion of degeneration {unknown}
 q - a potion of invisibility {unknown}
 A - a potion of lignification
Comestibles
 e - 5 bread rations
 l - 4 beef jerkies
 r - 2 fruits
 z - 7 slices of pizza


   Skills:
 * Level 7.7 Fighting
 * Level 4.6 Axes
 + Level 10.9 Crossbows
 * Level 9.6 Armour
 + Level 3.5 Dodging
 - Level 0.7 Stealth


You had 9 spell levels left.
You didn't know any spells.

Dungeon Overview and Level Annotations

Branches:
Dungeon (9/15)             Temple (1/1) D:5
   Lair: D:8-11         Orc: D:9-12

Altars:
Ashenzari
Cheibriados
Dithmenos
Elyvilon
Fedhas
Gozag
Kikubaaqudgha
Makhleb
Nemelex Xobeh
Okawaru
Qazlal
Ru
Sif Muna
Trog
Vehumet
Xom
Yredelemnul
Zin
The Shining One

Annotations:
D:9 Chiseanne's ghost, experienced DsFi


Innate Abilities, Weirdness & Mutations

You reflexively headbutt those who attack you in melee.
You have a pair of horns on your head.


Message History

You shoot a bolt. The bolt hits Chiseanne's ghost!
Chiseanne's ghost is severely damaged.
Firing (i - inventory. (,) - cycle):
x - 49 bolts (quivered)
Press: ? - help, Shift-Dir - straight line, f/p - Chiseanne's ghost
Aim: Chiseanne's ghost (severely damaged)
You shoot a bolt. The bolt hits Chiseanne's ghost.
Chiseanne's ghost is severely damaged.
Chiseanne's ghost shrieks, "What do you have that I didn't have?"
You see here a ring mail.
Chiseanne's ghost hits you!
* * * LOW HITPOINT WARNING * * *
A centaur comes into view.
The centaur shouts!
The centaur wields a shortbow.
The centaur shoots an arrow.
The arrow hits you!
* * * LOW HITPOINT WARNING * * *
Chiseanne's ghost hits you!
* * * LOW HITPOINT WARNING * * *
You see here an arrow.
The centaur shoots an arrow.
The arrow hits you.
You die...

#######.<....#
#.#
...........(.#
#.#
#######......#
#.# ##.....#
#.# ## #####.#
##.## .### #.#
##[..## ...
#.# #.....# .#
#.####(W...#
.# .##.@.....#
.###
#.c..##.(.##
...# ....###
#(### .#.. ...
..# .# . (##
..## ##. .....
.. ##..#. .#
.#..#### ##.#


You could see a centaur and Chiseanne's ghost.

Vanquished Creatures
  The ghost of Chiseanne the Skirmisher, an experienced DsFi (D:5)
  A wyvern (D:8)
  Sigmund (D:3)
  A human (D:7)
  A water moccasin (D:5)
  A sky beast (D:8)
  3 ogres
  An orc warrior (D:8)
  2 phantoms
  3 big kobolds
  3 centaurs
  2 giant frogs
  2 wyvern skeletons
  13 killer bees
  3 wights (D:8)
  3 crimson imps
  2 jellies
  A gnoll shaman (D:7)
  10 orc wizards
  5 worker ants
  6 orc priests
  Jessica (D:3)
  Terence (D:2)
  A killer bee zombie (D:7)
  4 sheep (D:7)
  A hound zombie (D:8)
  A worker ant zombie (D:8)
  7 gnolls
  4 adders
  3 shadow imps
  4 oozes
  An adder zombie (D:6)
  4 worms
  2 adder skeletons
  6 giant geckos
  35 orcs
  A ball python (D:2)
  3 giant cockroaches
  3 hobgoblins
  15 jackals
  2 bats
  4 giant newts
  9 goblins
  A jackal skeleton (D:4)
  14 kobolds
  A quokka (D:3)
  8 rats
201 creatures vanquished.

Vanquished Creatures (others)
  An orc wizard (D:6)
  2 plants (D:7)
3 creatures vanquished.

Grand Total: 204 creatures vanquished

Notes
Turn   | Place    | Note
--------------------------------------------------------------
     0 | D:1      | cheese the Minotaur Hunter began the quest for the Orb.
     0 | D:1      | Reached XP level 1. HP: 18/18 MP: 0/0
     7 | D:1      | Upgraded the game from 0.17-a0-1637-g5d65775 to 0.17-a0-1646-geb1493d
   100 | D:1      | Reached XP level 2. HP: 25/25 MP: 1/1
   163 | D:1      | Reached skill level 1 in Armour
   294 | D:1      | Reached XP level 3. HP: 30/30 MP: 2/2
   444 | D:1      | Reached skill level 5 in Crossbows
  1062 | D:3      | Noticed Sigmund
  1062 | D:3      | Noticed Jessica
  1091 | D:3      | Noticed Terence
  1100 | D:2      | Killed Terence
  1100 | D:2      | Reached XP level 4. HP: 31/38 MP: 3/3
  1155 | D:2      | Reached skill level 6 in Crossbows
  1155 | D:2      | Reached XP level 5. HP: 37/45 MP: 4/4
  1244 | D:3      | Killed Jessica
  1449 | D:3      | Killed Sigmund
  1449 | D:3      | Reached skill level 7 in Crossbows
  1449 | D:3      | Reached XP level 6. HP: 45/52 MP: 5/5
  1570 | D:3      | Found a faded altar to an unknown god.
  1866 | D:4      | Reached XP level 7. HP: 46/60 MP: 6/6
  2227 | D:4      | Reached skill level 8 in Crossbows
  2428 | D:5      | Entered Level 5 of the Dungeon
  2491 | D:3      | Reached skill level 5 in Fighting
  2809 | D:5      | Reached skill level 1 in Axes
  2842 | D:5      | Reached skill level 5 in Armour
  2842 | D:5      | Reached XP level 8. HP: 21/70 MP: 7/7
  3031 | D:5      | Noticed Chiseanne's ghost (experienced DsFi)
  3772 | D:5      | Killed Chiseanne's ghost
  3772 | D:5      | Reached skill level 9 in Crossbows
  3829 | D:5      | Found a staircase to the Ecumenical Temple.
  3946 | Temple   | Entered the Ecumenical Temple
  4195 | Temple   | Became a worshipper of Trog the Wrathful
  5106 | D:7      | Found an ancient bone altar of Kikubaaqudgha.
  5110 | D:7      | Found a shimmering altar of Xom.
  5116 | D:7      | Found a snail-covered altar of Cheibriados.
  5165 | D:7      | Reached XP level 9. HP: 48/78 MP: 8/8
  5430 | D:7      | Acquired Trog's first power
  5564 | D:7      | Found a radiant altar of Vehumet.
  5632 | D:7      | HP: 3/79 [centaur/halberd (5)]
  6278 | D:8      | Reached skill level 10 in Crossbows
  7142 | D:8      | Acquired Trog's second power
  7723 | D:7      | Reached XP level 10. HP: 88/88 MP: 9/9
  7895 | D:9      | Found a sparkling altar of Nemelex Xobeh.
  8030 | D:9      | Noticed Chiseanne's ghost (experienced DsFi)
  8125 | D:9      | Shot with an arrow by a centaur

Vault maps used:
D:1:      erik_arrival_gehennom
D:3:      ecumenical_altar_1, uniq_terence, uniq_sigmund, uniq_jessica
D:5:      minmay_temple_entry_metal_lava, first_bread
D:7:      old_standard_altar, gammafunk_temple_overflow_forgotten,
          grunt_livestock, hex_tiny
D:9:      nemelex_deck, serial_shops,
          nicolae_shop_temple_entry_statues_fountains
Temple:   minmay_temple_curvy_14

Action                   |  1- 3 |  4- 6 |  7- 9 | 10-12 || total
-------------------------+-------+-------+-------+-------++-------
Melee: Hand axe          |       |       |   285 |       ||   285
 Fire: Hand crossbow     |   113 |    96 |   273 |    40 ||   522
  Use: Scroll            |       |     1 |     8 |     1 ||    10
       Potion            |       |       |     5 |       ||     5
  Eat: Chunk             |       |     3 |     4 |     1 ||     8
       Meat ration       |       |       |     2 |       ||     2
       Pizza             |       |       |     1 |       ||     1
       Beef jerky        |       |       |     1 |       ||     1
       Fruit             |       |       |     1 |       ||     1
